Workbook

Sheet Disclaimers

Sheet Data Objects
A1: Please read the Disclaimer worksheet and make sure that you understand it.
A3: Name | B3: Class | C3: Property | D3: Type | E3: Association category | F3: Notes
B4: The class name of the property.
A5: Customer data | B5: PegaCDH-Data-FS-Customer | C5: N/A | D5: N/A | E5: Primary context
A6: Customer accounts | B6: PegaCDH-Data-FS-Accounts | C6: Accounts | D6: PageList | E6: Secondary context
A7: Interaction history | F7: See Pega Community article: https://docs.pega.com/bundle/platform/page/platform/decision-management/interaction-history-data-model.html

Sheet Data Model
A1: Please read the Disclaimer worksheet and make sure that you understand it.
I2: Usage | R2: Preparation
B3: Sort Order | C3: Property ID | D3: Field (Short Description) | E3: Property Type | F3: Description | G3: Example | H3: Sensitive PII | I3: Priority | J3: Eligibility | K3: Applicability | L3: Suitability | M3: Trigger | N3: Predictive | O3: Personalization | P3: Ethical Bias | Q3: Notes | R3: Batch | S3: Real-Time | T3: Calculated
A4: Divides properties into groups that are selectable in Next-Best-Action Designer. | C4: Pega property ID (logical data model). | D4: A property that populates into Next-Best-Action Designer, and is selectable from a drop-down list in the Engagement policy section or in Prediction Studio. | E4: The format in which the property values are presented. | F4: Short description of the field. | I4: Priority 1-3, 1 is mandatory, 2 is important for first release, 3 typically populated in later releases | J4: Data used to determine the set of criteria by which a customer is qualified to participate or be chosen for an action. For example, to qualify, you must be at least 18 years old or 19 years old if you live in Boston. | K4: Data used to determine if an action is appropriate at this point in time for this customer. For example, an action would fail to be applicable if the customer already owns a competing or more valuable offering. | L4: Data used to determine if an action is deemed appropriate and in the best interest of the customer. For example, although a customer may be eligible for a loan, it may be inappropriate to market it to them if they are likely to default on it. | M4: A change in this value determines if a customer has reached a spcific thershold to reasses a next best action. | N4: Data suitable to determine customer behavior in predictive analytics and machine learning. | O4: Used for personalizing correspondence or advertising | P4: Data that Pega recommends should be checked for human bias when used in predictive analytics and marchine learning. | Q4: General notes for this specific field. | R4: This field should be loaded from a System of Record into the Pega Customer Analytical data store. This is typically done as a Batch ETL or Batch file import. | S4: This field should be loaded in real-time from Systems of Record using APIs. The field may be available during ETL Load, but data should be as recent as possible. | T4: This value can be computed by Pega during ETL or in real-time. Customer does not need to have this available in Systems of Record.
A5: Customer Data | B5: 1 | C5: CustomerID | D5: Customer ID | E5: Text | F5: Primary key for the customer class and table. | G5: CUST-002 | H5: No | I5: 1 | J5: No | K5: No | L5: No | M5: No | N5: No | O5: No | P5: No | R5: Yes | S5: - | T5: No
B6: 2 | C6: Prefix | D6: Prefix | E6: Text | F6: Prefix of customer name | G6: Mr. | H6: No | I6: 2 | J6: No | K6: No | L6: No | M6: No | N6: No | O6: Yes | P6: No | R6: Yes | S6: - | T6: No
B7: 3 | C7: FirstName | D7: First name | E7: Text | F7: Customer first name | G7: John | H7: Yes | I7: 1 | J7: No | K7: No | L7: No | M7: No | N7: No | O7: Yes | P7: No | R7: Yes | S7: - | T7: No
B8: 4 | C8: LastName | D8: Last name | E8: Text | F8: Customer last name | G8: Doe | H8: Yes | I8: 1 | J8: No | K8: No | L8: No | M8: No | N8: No | O8: Yes | P8: No | R8: Yes | S8: - | T8: No
C9: FullName | D9: Full name | E9: Text | F9: Customer full name | G9: John Doe | H9: Yes | I9: 1 | J9: No | K9: No | L9: No | M9: No | N9: No | O9: Yes | P9: No | Q9: Populate full name through use of first name and last name | R9: Yes | T9: Yes
C10: Suffix | D10: Suffix | E10: Text | F10: Suffix of customer name | G10: Jr. | H10: No | I10: 2 | J10: No | K10: No | L10: No | M10: No | N10: No | O10: Yes | P10: No | R10: Yes | T10: No
B11: 5 | C11: BirthDate | D11: Date of birth | E11: Date | F11: Date of birth | G11: 32908 | H11: Yes | I11: 2 | J11: No | K11: No | L11: No | M11: Yes | N11: No | O11: No | P11: No | Q11: We advise to use relative date info such as Age instead for defining engagement policies | R11: Yes | S11: - | T11: No
B12: 6 | C12: Age | D12: Age | E12: Integer | F12: Customer age. This value is calculated based on customer date of birth. | G12: 30 | H12: No | I12: 2 | J12: Yes | K12: No | L12: Yes | M12: Yes | N12: Yes | O12: No | P12: Yes | Q12: Calculated from date of birth | R12: Yes | S12: - | T12: Yes
B13: 8 | C13: MKTCLVValue | D13: CLV value | E13: Decimal | F13: Numerical value that represents the customer lifetime value | G13: 750 | H13: No | I13: 2 | J13: No | K13: Yes | L13: No | M13: Yes | N13: Yes | O13: No | P13: No | R13: No | S13: Yes | T13: Yes
B14: 9 | C14: CLV | D14: CLV designation | E14: Text | F14: Text description of customer lifetime value | G14: High | H14: No | I14: 2 | J14: No | K14: Yes | L14: No | M14: No | N14: Yes | O14: No | P14: No | R14: No | S14: Yes | T14: Yes
B15: 11 | C15: Gender | D15: Gender | E15: Text | F15: Customer gender | G15: Male | H15: No | I15: 2 | J15: No | K15: Yes | L15: No | M15: No | N15: Yes | O15: No | P15: Yes | R15: Yes | S15: - | T15: No
B16: 12 | C16: MaritalStatus | D16: Marital status | E16: Text | F16: Customer marital status | G16: Single | H16: No | I16: 3 | J16: Yes | K16: No | L16: No | M16: Yes | N16: Yes | O16: No | P16: No | R16: Yes | S16: - | T16: No
C17: LanguagePreference | D17: Preferred language | E17: Text | F17: Customer language preference | G17: English | H17: No | I17: 3 | J17: No | K17: No | L17: No | M17: No | N17: No | O17: Yes | P17: Yes | R17: Yes | S17: - | T17: No
B18: 13 | C18: PrimaryAddressLine1 | D18: Primary address line 1 | E18: Text | F18: Customer primary address line 1 | G18: 10 Pleasant St. | H18: Yes | I18: 2 | J18: No | K18: No | L18: No | M18: No | N18: No | O18: No | P18: No | R18: Yes | S18: - | T18: No
B19: 14 | C19: PrimaryAddressLine2 | D19: Primary address line 2 | E19: Text | F19: Customer primary address line 2 | G19: Unit 2 | H19: Yes | I19: 2 | J19: No | K19: No | L19: No | M19: No | N19: No | O19: No | P19: No | R19: Yes | S19: - | T19: No
B20: 15 | C20: PrimaryCity | D20: Primary city | E20: Text | F20: Customer primary address city | G20: Pleasantville | H20: Yes | I20: 2 | J20: Yes | K20: No | L20: No | M20: Yes | N20: Yes* | O20: No | P20: No | Q20: Use only the first digits as predictors | R20: Yes | S20: - | T20: No
B21: 16 | C21: PrimaryState | D21: Primary state or territory | E21: Text | F21: Customer primary address state | G21: MA | H21: No | I21: 2 | J21: Yes | K21: No | L21: No | M21: Yes | N21: Yes | O21: No | P21: No | R21: Yes | S21: - | T21: No
B22: 17 | C22: PrimaryPostalCode | D22: Primary postal code | E22: Text | F22: Customer primary address postal code or zip code | G22: 61324 | H22: No | I22: 2 | J22: Yes | K22: No | L22: No | M22: Yes | N22: Yes | O22: No | P22: Yes | R22: Yes | S22: - | T22: No
B23: 18 | C23: PrimaryCountry | D23: Primary country | E23: Text | F23: Customer primary address country | G23: United States | H23: No | I23: 2 | J23: Yes | K23: No | L23: No | M23: Yes | N23: Yes | O23: No | P23: No | R23: Yes | S23: - | T23: Yes
C24: PrimaryCountryCode | D24: Primary country code | E24: Text | F24: Customer primary country code | G24: US | H24: No | I24: 2 | J24: Yes | K24: No | L24: No | M24: No | N24: Yes | O24: No | P24: No | Q24: Can be derived from country code | R24: Yes | T24: No
B25: 19 | C25: OwnershipStatus | D25: Primary residence ownership status | E25: Text | F25: Customer residential ownership status | G25: Rent | H25: No | I25: 3 | J25: Yes | K25: Yes | L25: Yes | M25: Yes | N25: Yes | O25: No | P25: No | R25: Yes | S25: - | T25: No
B26: 20 | C26: PrimaryEmail | D26: Email | E26: Text | F26: Customer email | G26: john.doe@example.com | H26: Yes | I26: 1 | J26: No | K26: No | L26: No | M26: No | N26: No | O26: No | P26: Yes | Q26: The email domain can be very predictive, but the total email address should not be used | R26: Yes | S26: - | T26: No
B27: 21 | C27: PrimaryMobilePhone | D27: Primary mobile phone | E27: Text | F27: Customer primary mobile phone | G27: 17815401232 | H27: Yes | I27: 1 | J27: No | K27: No | L27: No | M27: No | N27: No | O27: No | P27: No | Q27: Whether or not a phone number is known can be a predictor depending on the outcome. | R27: Yes | S27: - | T27: No
B28: 22 | C28: PrimaryHomePhone | D28: Primary home phone | E28: Text | F28: Customer home phone number | G28: 15332321452 | H28: Yes | I28: 2 | J28: No | K28: No | L28: No | M28: No | N28: No | O28: No | P28: No | Q28: Whether or not a phone number is known can be a predictor depending on the outcome. | R28: Yes | S28: - | T28: No
B29: 23 | C29: PrimaryWorkPhone | D29: Primary work phone | E29: Text | F29: Customer primary work phone | G29: 15352565634 | H29: Yes | I29: 2 | J29: No | K29: No | L29: No | M29: No | N29: No | O29: No | P29: No | Q29: Whether or not a phone number is known can be a predictor depending on the outcome. | R29: Yes | S29: - | T29: No
B30: 24 | C30: PrimaryFax | D30: Primary fax | E30: Text | F30: Customer fax number | G30: 11245225467 | H30: Yes | I30: 3 | J30: No | K30: No | L30: No | M30: No | N30: No | O30: No | P30: No | Q30: Whether or not a phone number is known can be a predictor depending on the outcome. | R30: Yes | S30: - | T30: No
C31: Facebook | D31: Facebook handle | E31: Text | F31: Customer Facebook handle | G31: John.Doe | H31: Yes | I31: 3 | J31: No | K31: Yes | L31: No | M31: No | N31: No | O31: No | P31: No | Q31: Whether or not a customer handle is known can be predictive but the handle itself is too fine grained to be used | R31: Yes | S31: - | T31: No
B32: 25 | C32: GooglePlus | D32: Google Plus handle | E32: Text | F32: Customer Google Plus handle | G32: John.Doe@gmail.com | H32: Yes | I32: 3 | J32: No | K32: Yes | L32: No | M32: No | N32: No | O32: No | P32: No | Q32: Whether or not a customer handle is known can be predictive but the handle itself is too fine grained to be used | R32: Yes | S32: - | T32: No
B33: 26 | C33: Instagram | D33: Instagram handle | E33: Text | F33: Customer Instagram handle | G33: Jdoe | H33: Yes | I33: 3 | J33: No | K33: Yes | L33: No | M33: No | N33: No | O33: No | P33: No | Q33: Whether or not a customer handle is known can be predictive but the handle itself is too fine grained to be used | R33: Yes | S33: - | T33: No
B34: 27 | C34: LinkedIn | D34: LinkedIn handle | E34: Text | F34: Customer LinkedIn handle | G34: JohnDoe | H34: Yes | I34: 3 | J34: No | K34: Yes | L34: No | M34: No | N34: No | O34: No | P34: No | Q34: Whether or not a customer handle is known can be predictive but the handle itself is too fine grained to be used | R34: Yes | S34: - | T34: No
B35: 28 | C35: Skype | D35: Skype handle | E35: Text | F35: Customer Skype handle | G35: John.Doe | H35: Yes | I35: 3 | J35: No | K35: Yes | L35: No | M35: No | N35: No | O35: No | P35: No | Q35: Whether or not a customer handle is known can be predictive but the handle itself is too fine grained to be used | R35: Yes | S35: - | T35: No
B36: 29 | C36: Twitter | D36: Twitter handle | E36: Text | F36: Customer Twitter handle | G36: @JohnDoe | H36: Yes | I36: 3 | J36: No | K36: Yes | L36: No | M36: No | N36: No | O36: No | P36: No | Q36: Whether or not a customer handle is known can be predictive but the handle itself is too fine grained to be used | R36: Yes | S36: - | T36: No
C37: HasOptInEmail | D37: Email opt-in | E37: Boolean | F37: Consent to receive promotional emails | G37: TRUE | H37: No | I37: 2 | J37: No | K37: No | L37: No | M37: No | N37: No | O37: No | P37: No | Q37: Should be used in OutboundPreferencesExtension strategy rather than on NBAD | R37: Yes | S37: Yes | T37: No
C38: HasOptInSMS | D38: SMS opt-in | E38: Boolean | F38: Consent to receive promotional texts | G38: TRUE | H38: No | I38: 2 | J38: No | K38: No | L38: No | M38: No | N38: No | O38: No | P38: No | Q38: Should be used in OutboundPreferencesExtension strategy rather than on NBAD | R38: Yes | S38: Yes | T38: No
C39: HasOptInCall | D39: Call opt-in | E39: Boolean | F39: Consent to receive promotional calls | G39: TRUE | H39: No | I39: 2 | J39: No | K39: No | L39: No | M39: No | N39: No | O39: No | P39: No | Q39: Should be used in OutboundPreferencesExtension strategy rather than on NBAD | R39: Yes | S39: Yes | T39: No
C40: HasOptInPushNotification | D40: Push notification opt-in | E40: Boolean | F40: Consent to receive promotional push notifications | G40: TRUE | H40: No | I40: 2 | J40: No | K40: No | L40: No | M40: No | N40: No | O40: No | P40: No | Q40: Should be used in OutboundPreferencesExtension strategy rather than on NBAD | R40: Yes | S40: Yes | T40: No
B41: 30 | C41: RelationshipStartDate | D41: Relationship start date | E41: Date | F41: Relationship start date | G41: 38445 | H41: No | I41: 2 | J41: No | K41: No | L41: No | M41: No | N41: No* | O41: No | P41: No | Q41: Logic should use relationship length in days instead | R41: Yes | S41: - | T41: No
B42: 31 | C42: RelationshipLengthDays | D42: Relationship length in days | E42: Integer | F42: Number of days since the relationship start date | G42: 5632 | H42: No | I42: 2 | J42: Yes | K42: Yes | L42: Yes | M42: No | N42: Yes | O42: No | P42: No | Q42: Calculated from relationship start date | R42: Yes | S42: - | T42: Yes
B43: 32 | C43: SSN | D43: Social security number | E43: Text | F43: Customer social security number | G43: 100-33-4244 | H43: Yes | I43: 2 | J43: No | K43: No | L43: No | M43: No | N43: No | O43: No | P43: Yes | R43: Yes | S43: - | T43: No
C44: TaxIDNumber | D44: Tax identification number | E44: Text | F44: Customer tax identification number | G44: 123451024 | H44: Yes | I44: 2 | J44: No | K44: No | L44: No | M44: No | N44: No | O44: No | P44: No | R44: Yes | T44: No
B45: 34 | C45: IsCustomerActive | D45: Is customer active | E45: Text | F45: Is customer active flag | G45: TRUE | H45: No | I45: 1 | J45: Yes | K45: No | L45: No | M45: Yes | N45: Yes | O45: No | P45: No | R45: Yes | S45: - | T45: No
B46: 35 | C46: IsProspect | D46: Is prospect | E46: Boolean | F46: Is prospect flag | G46: FALSE | H46: No | I46: 2 | J46: Yes | K46: Yes | L46: No | M46: Yes | N46: Yes | O46: No | P46: No | R46: Yes | T46: No
C47: AnnualIncome | D47: Annual income | E47: Decimal | F47: Customer annual income | G47: 99000 | H47: No | I47: 2 | J47: Yes | K47: Yes | L47: No | M47: Yes | N47: Yes | O47: No | P47: No | R47: Yes | S47: - | T47: No
C48: DebtToIncomeRatio | D48: Debt-to-income ratio | E48: Decimal | F48: Customer debt-to-income ratio | G48: 0.33 | H48: No | I48: 2 | J48: Yes | K48: Yes | L48: No | M48: Yes | N48: Yes | O48: No | P48: No | R48: Yes | S48: - | T48: No
B49: 36 | C49: CreditScore | D49: Credit score | E49: Integer | F49: Customer credit score | G49: 754 | H49: No | I49: 2 | J49: Yes | K49: Yes | L49: Yes | M49: Yes | N49: Yes | O49: No | P49: No | R49: Yes | S49: - | T49: No
B50: 37 | C50: IsCreditScoreStale | D50: Credit score stale | E50: Boolean | F50: Boolean flag to determine if the credit score is usable for marketing and decisioning purposes. Usually 3-6 months (configurable). | G50: FALSE | H50: No | I50: 3 | J50: Yes | K50: Yes | L50: No | M50: Yes | N50: No | O50: No | P50: No | R50: Yes | S50: - | T50: No
B51: 38 | C51: CreditScoreUpdatedTime | D51: Credit score last updated time | E51: Date Time | F51: Last update time of the customer's credit score. This usually is the last date time when a credit report was pulled on the customer. | G51: 43988 | H51: No | I51: 3 | J51: No | K51: No | L51: No | M51: No | N51: No | O51: No | P51: No | R51: Yes | S51: - | T51: No
B52: 40 | C52: TotalAssets | D52: Total assets | E52: Decimal | F52: Customer total assets | G52: 1000300 | H52: No | I52: 2 | J52: Yes | K52: Yes | L52: No | M52: No | N52: Yes | O52: No | P52: No | R52: Yes | S52: - | T52: No
B53: 43 | C53: TotalLiabilities | D53: Total liabilities | E53: Decimal | F53: Customer total liabilities | G53: 324400 | H53: No | I53: 2 | J53: Yes | K53: Yes | L53: No | M53: No | N53: Yes | O53: No | P53: No | R53: Yes | S53: - | T53: No
B54: 44 | C54: NetWealth | D54: Net wealth | E54: Decimal | F54: Customer net wealth | G54: 675900 | H54: No | I54: 2 | J54: Yes | K54: Yes | L54: No | M54: No | N54: Yes | O54: No | P54: No | Q54: Total assets - total liabilities | R54: Yes | S54: - | T54: Yes
B55: 45 | C55: ResidentialStatus | D55: Resident status | E55: Text | F55: Customer residential (citizenship) status | G55: US citizen | H55: No | I55: 3 | J55: Yes | K55: Yes | L55: Yes | M55: Yes | N55: Yes | O55: No | P55: Yes | R55: Yes | S55: - | T55: No
B56: 46 | C56: IsInCollections | D56: Is in collections | E56: Boolean | F56: Is in collections flag | G56: FALSE | H56: No | I56: 2 | J56: Yes | K56: Yes | L56: No | M56: Yes | N56: Yes | O56: No | P56: No | R56: Yes | T56: No
C57: IsInArrears | D57: Is in arrears | E57: Boolean | F57: Is in arrears flag | G57: FALSE | H57: No | I57: 2 | J57: Yes | K57: Yes | L57: No | M57: Yes | N57: Yes | O57: No | P57: No | R57: Yes | S57: - | T57: No
B58: 47 | C58: IsStudent | D58: Is student | E58: Boolean | F58: Is student flag | G58: FALSE | H58: No | I58: 3 | J58: Yes | K58: Yes | L58: Yes | M58: Yes | N58: Yes | O58: No | P58: No | R58: Yes | T58: No
C59: IsB2C | D59: Is B2C | E59: Boolean | F59: Is B2C flag | G59: FALSE | H59: No | J59: Yes | K59: Yes | L59: No | N59: Yes | O59: No | P59: No | R59: Yes
C60: HasBrokenPromise | D60: Is broken promise | E60: Boolean | F60: Boolean flag to determine if customer has broken promise to pay amount in arrears. | G60: FALSE | H60: No | I60: 3 | J60: Yes | K60: Yes | L60: No | M60: Yes | N60: Yes | O60: No | P60: No | R60: Yes | S60: - | T60: No
B61: 50 | C61: IsBankruptcy | D61: Is in bankruptcy | E61: Boolean | F61: Boolean flag used to determine if a customer fits the special circumstance bankruptcy. This boolean affects how we handle the customer in collections. | G61: FALSE | H61: No | I61: 3 | J61: Yes | K61: Yes | L61: Yes | M61: Yes | N61: Yes* | O61: No | P61: No | Q61: Predictive usage may be limited to collections use cases due to regulatory compliance | R61: Yes | S61: - | T61: No
B62: 51 | C62: IsDeceased | D62: Is deceased | E62: Boolean | F62: Boolean flag used to determine if a customer fits the special circumstance deceased. This boolean affects how we handle the customer in collections. | G62: FALSE | H62: No | I62: 3 | J62: Yes | K62: Yes | L62: Yes | M62: Yes | N62: No | O62: No | P62: No | R62: Yes | S62: - | T62: No
B63: 52 | C63: IsFinanciallyVulnerable | D63: Is financially vulnerable | E63: Boolean | F63: Boolean flag used to determine if a customer fits the special circumstance is financially vulnerable. This boolean affects how we handle the customer in collections. | G63: FALSE | H63: No | I63: 3 | J63: Yes | K63: Yes | L63: Yes | M63: Yes | N63: Yes* | O63: No | P63: No | Q63: Predictive usage may be limited to collections use cases due to regulatory compliance | R63: Yes | S63: - | T63: No
B64: 53 | C64: IsIncarcerated | D64: Is incarcerated | E64: Boolean | F64: Boolean flag used to determine if a customer fits the special circumstance incarceration. This boolean affects how we handle the customer in collections. | G64: FALSE | H64: No | I64: 3 | J64: Yes | K64: Yes | L64: Yes | M64: Yes | N64: Yes* | O64: No | P64: Yes | Q64: Predictive usage may be limited to collections use cases due to regulatory compliance | R64: Yes | S64: - | T64: No
B65: 54 | C65: IsActiveMilitaryService | D65: Is in active duty | E65: Boolean | F65: Boolean flag used to determine if a customer fits the special circumstance in active military service. This boolean affects how we handle the customer in collections. | G65: FALSE | H65: No | I65: 3 | J65: Yes | K65: Yes | L65: Yes | M65: Yes | N65: Yes* | O65: No | P65: No | Q65: Predictive usage may be limited to collections use cases due to regulatory compliance | R65: Yes | S65: - | T65: No
B66: 55 | C66: IsInDisasterArea | D66: Is affected by natural disaster | E66: Boolean | F66: Boolean flag used to determine if a customer fits the special circumstance has critical illness. This boolean affects how we handle the customer in collections. | G66: FALSE | H66: No | I66: 3 | J66: Yes | K66: Yes | L66: Yes | M66: Yes | N66: Yes* | O66: No | P66: No | Q66: Predictive usage may be limited to collections use cases due to regulatory compliance | R66: Yes | S66: - | T66: No
C67: HasCriticalIllness | D67: Has critical illness | E67: Boolean | F67: Boolean flag used to determine if a customer fits the special circumstance affected by natural disaster. This boolean affects how we handle the customer in collections. | G67: FALSE | H67: No | J67: Yes | K67: Yes | L67: Yes | M67: Yes | N67: Yes* | O67: No | P67: No | R67: Yes
B68: 55 | C68: IsInActiveComplaint | D68: Is in active complaint | E68: Boolean | F68: Boolean flag used to determine if a customer is in active complaint. | G68: FALSE | H68: No | I68: 3 | J68: Yes | K68: Yes | L68: Yes | M68: Yes | N68: Yes | O68: No | P68: No | Q68: Predictive usage may be limited to collections use cases due to regulatory compliance | R68: Yes | S68: - | T68: No
C69: IsInPreCollections | D69: Is In PreCollections | E69: Boolean | F69: Boolean flag used to determine if a customer is in precollections | G69: FALSE | H69: No | J69: Yes | K69: Yes | L69: Yes | M69: Yes | N69: Yes | O69: No | P69: No | R69: Yes
B70: 56 | C70: NumCreditCardAccount | D70: Count of credit card accounts | E70: Integer | F70: A count of the number of credit card accounts associated with the customer | G70: 2 | H70: No | I70: 2 | J70: Yes | K70: No | L70: Yes | M70: No | N70: Yes | O70: No | P70: No | R70: Yes | S70: - | T70: Yes
B71: 57 | C71: NumDepositAccount | D71: Count of deposit accounts | E71: Integer | F71: A count of the number of deposit accounts associated with the customer | G71: 2 | H71: No | I71: 2 | J71: Yes | K71: No | L71: No | M71: No | N71: Yes | O71: No | P71: No | R71: Yes | S71: - | T71: Yes
B72: 58 | C72: NumInvestmentAccount | D72: Count of investment accounts | E72: Integer | F72: A count of the number of investment accounts associated with the customer | G72: 1 | H72: No | I72: 2 | J72: Yes | K72: No | L72: No | M72: No | N72: Yes | O72: No | P72: No | R72: Yes | S72: - | T72: Yes
B73: 59 | C73: NumLoanAccount | D73: Count of loan accounts | E73: Integer | F73: A count of the number of loan accounts associated with the customer | G73: 2 | H73: No | I73: 2 | J73: Yes | K73: No | L73: Yes | M73: No | N73: Yes | O73: No | P73: No | R73: Yes | S73: - | T73: Yes
B74: 60 | C74: NoOfDependents | D74: Number of dependents | E74: Integer | F74: Number of dependents | G74: 0 | H74: No | I74: 3 | J74: No | K74: No | L74: Yes | M74: Yes | N74: Yes | O74: No | P74: No | R74: Yes | S74: - | T74: No
B75: 61 | C75: OrganizationID | D75: Organization ID | E75: Text | F75: Organization identifier | H75: No* | I75: 2 | J75: No | K75: No | L75: No | M75: No | N75: No | O75: No | P75: No | R75: Yes | S75: - | T75: No
B76: 63 | C76: OrganizationName | D76: Organization name | E76: Text | F76: Organization name | H76: No* | I76: 2 | J76: No | K76: No | L76: No | M76: No | N76: No | O76: Yes | P76: No | R76: Yes | S76: - | T76: No
C77: Accounts | D77: Accounts | E77: Page List | F77: List of accounts | H77: No | J77: No | K77: No | L77: No | M77: No | N77: No | O77: No | P77: No | R77: No
A78: Account data | B78: 64 | C78: AccountBalance | D78: Account balance | E78: Decimal | F78: Current account balance | G78: 15203.45 | H78: No | I78: 2 | J78: Yes | K78: Yes | L78: Yes | M78: Yes | N78: Yes* | O78: No | P78: No | Q78: Must be aggregated at customer level | R78: Yes | S78: - | T78: No
C79: AccountDescription | D79: Account description | E79: Text | F79: Account description. This typically holds the long description of the account type. | G79: Chase Freedom Unlimited | H79: No | I79: 2 | J79: No | K79: No | L79: No | M79: No | N79: No | O79: Yes | P79: No | R79: Yes | S79: - | T79: No
C80: AccountNumber | D80: Account number | E80: Text | F80: Account number | G80: 3534 6765 9864 3221 | H80: Yes | I80: 2 | J80: No | K80: No | L80: No | M80: No | N80: No | O80: No | P80: No | R80: Yes | S80: - | T80: No
C81: AccountType | D81: Account type | E81: Text | F81: Account type | G81: Credit card | H81: No | I81: 2 | J81: Yes | K81: Yes | L81: No | M81: No | N81: No | O81: No | P81: No | R81: Yes | S81: - | T81: No
C82: AccountSubType | D82: Account subtype | E82: Text | F82: Account subtype | G82: Cash back rewards | H82: No | I82: 2 | J82: Yes | K82: No | L82: No | M82: No | N82: No | O82: No | P82: No | R82: Yes | S82: - | T82: No
C83: AccountID | D83: AccountID | E83: Identifier | F83: Primary key of the account table | G83: ACCT-1231412 | H83: Yes | I83: 2 | J83: No | K83: No | L83: No | M83: No | N83: No | O83: No | P83: No | R83: Yes | S83: - | T83: No
C84: CreditLineAvailable | D84: Available credit line | E84: Decimal | F84: Account remaining available credit line | G84: 7659 | H84: No | I84: 2 | J84: Yes | K84: Yes | L84: Yes | M84: Yes | N84: Yes* | O84: No | P84: No | R84: Yes | S84: - | T84: No
C85: AvgMonthlyBalance | D85: Average monthly balance | E85: Decimal | F85: Account average monthly balance | G85: 4523 | H85: No | I85: 2 | J85: Yes | K85: No | L85: Yes | M85: No | N85: Yes* | O85: No | P85: No | Q85: Must be aggregated at customer level | R85: Yes | S85: - | T85: No
C86: AvgYearlyBalance | D86: Average yearly balance | E86: Decimal | F86: Account average yearly balance | G86: 5234 | H86: No | I86: 2 | J86: Yes | K86: No | L86: Yes | M86: No | N86: Yes* | O86: No | P86: No | Q86: Must be aggregated at customer level | R86: Yes | S86: - | T86: No
C87: HasMetBonus | D87: Bonus met | E87: Boolean | F87: Boolean flag to mark if the customer has met the bonus criteria | G87: FALSE | H87: No | I87: 2 | J87: Yes | K87: Yes | L87: No | M87: Yes | N87: Yes* | O87: No | P87: No | R87: Yes | S87: - | T87: No
C88: CardNumber | D88: Card number | E88: Text | F88: Account card number | G88: 3534 6765 9864 3221 | H88: Yes | I88: 2 | J88: No | K88: No | L88: No | M88: No | N88: No | O88: No | P88: No | R88: Yes | S88: - | T88: No
C89: IsEligibleForRepossession | D89: Eligible for repossession | E89: Text | F89: Determines if the account is eligible for repossession | G89: FALSE | H89: No | I89: 2 | J89: Yes | K89: No | L89: Yes | M89: Yes | N89: Yes | O89: No | P89: No | R89: Yes | S89: - | T89: No
C90: CreditLine | D90: Credit line | E90: Decimal | F90: Account credit line | G90: 10000 | H90: No | I90: 2 | J90: Yes | K90: Yes | L90: Yes | M90: No | N90: Yes* | O90: No | P90: No | R90: Yes | S90: - | T90: No
C91: CurrentValue | D91: Current value | E91: Decimal | F91: Current value of account | G91: 2341 | H91: No | I91: 2 | J91: Yes | K91: Yes | L91: Yes | M91: Yes | N91: Yes* | O91: No | P91: No | Q91: Must be aggregated at customer level | R91: Yes | S91: - | T91: No
C92: CyclesPastDue | D92: Cycles past due | E92: Decimal | F92: Account payment cycles past due | G92: 0 | H92: No | I92: 2 | J92: Yes | K92: Yes | L92: No | M92: Yes | N92: Yes* | O92: No | P92: No | R92: Yes | S92: - | T92: No
C93: DaysDelinquent | D93: Days delinquent | E93: Integer | F93: Number of days delinquent on payment | G93: 0 | H93: No | I93: 2 | J93: Yes | K93: Yes | L93: No | M93: Yes | N93: Yes* | O93: No | P93: No | R93: Yes | S93: - | T93: No
C94: DelinquencyAmount | D94: Delinquency amount | E94: Decimal | F94: Delinquency amount | G94: 0 | H94: No | I94: 2 | J94: Yes | K94: Yes | L94: Yes | M94: Yes | N94: Yes* | O94: No | P94: No | Q94: Must be aggregated at customer level | R94: Yes | S94: - | T94: No
C95: DueDate | D95: Due date | E95: Date | F95: Due date for a bill or statement | G95: 44356 | H95: No | I95: 2 | J95: Yes | K95: Yes | L95: No | M95: Yes | N95: No | O95: No | P95: No | R95: Yes | S95: - | T95: No
B96: Has active payment plan | C96: HasActivePaymentPlan | D96: Has active payment plan | E96: Boolean | F96: Used for collections. Boolean flag to mark if customer has selected an active payment plan for this account. | G96: FALSE | H96: No | I96: 2 | J96: Yes | K96: Yes | L96: Yes | M96: No | N96: Yes* | O96: No | P96: No | R96: Yes | S96: - | T96: No
C97: IsAccountActive | D97: Is account active | E97: Boolean | F97: Boolean flag to mark if the account is active | G97: TRUE | H97: No | I97: 2 | J97: Yes | K97: No | L97: No | M97: No | N97: Yes* | O97: No | P97: No | R97: Yes | S97: - | T97: No
C98: IsInCollections | D98: Is in collections | E98: Boolean | F98: Flag field to determine if account is in collections | G98: FALSE | H98: No | I98: 2 | J98: Yes | K98: No | L98: Yes | M98: Yes | N98: Yes | O98: No | P98: No | R98: Yes | S98: - | T98: No
C99: IsInArrears | D99: Is in arrears | E99: Boolean | F99: Flag field to determine if account is in arrears | G99: FALSE | H99: No | I99: 2 | J99: Yes | K99: No | L99: Yes | M99: Yes | N99: Yes* | O99: No | P99: No | R99: Yes | S99: - | T99: No
C100: IsInPreCollections | D100: Is in precollections | E100: Boolean | F100: Flag field to determine if account is in precollections | G100: FALSE | H100: No | I100: 2 | J100: Yes | K100: No | L100: Yes | M100: Yes | N100: Yes | O100: No | P100: No | R100: Yes | S100: - | T100: No
...

Sheet Notes
A1: Version # | B1: Description
A2: v0.9 | B2: Initial Version
A3: v1.0 | B3: Updated data model fields and aligned format
A4: v1.1 | B4: Added DB type column and personalization column
A5: v1.2 | B5: Added LanguagePreference and clickstream aggregation fields
A6: v1.3 | B6: Removed behavioral data to align with new customer profile designer feature
A7: v023 | B7: New table structure for 23 release
A8: v08.24 | B8: Updated tags and the way tags work. Indexed IsProspect.

Sheet Technical Details
A1: Please read the Disclaimer worksheet and make sure that you understand it.
A2: If the Frequency is blank, then the value should get populated based on your regular ETL/Batch import process for syncing your CDH data with your source data store/data lake
A3: Target System | F3: Source System | K3: Transformation Details
A4: Property ID | B4: Property Type | C4: Class | D4: Database Mapping | E4: Database Type | F4: Description | G4: System | H4: Entity | I4: Variable | J4: Transformation | K4: Batch Load | L4: Real-time Context | M4: Real-time Pull | N4: Real-time Push | O4: Frequency
A5: Pega property ID (logical data model). | B5: The format in which the property values are presented. | C5: The Pega class that this property applies to. | D5: Table name and column name that property is mapped to. In the format tablename.columnname (NOTE: for case sensitive DBs, all DB schemas, table names, and columns are lower case) | E5: Database column definition | F5: Short description of the field. | G5: The system in which the variable is located. | H5: The table in which the variable is located. | I5: The name of the variable/column that you want to ingest. | J5: The transformation required to convert the variable from its original form into that required by the Pega Customer Decision Hub™. | K5: Field is not frequently updated or not business critical to be real-time and therefore can be loaded on a fixed schedule | L5: The context or channel for with this data is used in real-time | M5: Business critical to be real-time but cannot be pushed to CDH from the system of record | N5: Business critical to be real-time and can be pushed to CDH as it changes in the system of record | O5: How often the field is refreshed from the source system.
A6: CustomerID | B6: Text | C6: PegaMKT-Data-Customer | D6: ="cdh_fs_customer."&A6 -> cdh_fs_customer.CustomerID | F6: ='Data Model'!F5 -> Primary key for the customer class and table. | K6: Yes | O6: Weekly
A7: Prefix | B7: Text | C7: PegaCDH-Data-FS-Customer | D7: ="cdh_fs_customer."&A7 -> cdh_fs_customer.Prefix | F7: ='Data Model'!F6 -> Prefix of customer name | K7: Yes | O7: Weekly
A8: FirstName | B8: Text | C8: PegaCDH-Data-FS-Customer | D8: ="cdh_fs_customer."&A8 -> cdh_fs_customer.FirstName | F8: ='Data Model'!F7 -> Customer first name | K8: Yes | O8: Weekly
A9: LastName | B9: Text | C9: PegaCDH-Data-FS-Customer | D9: ="cdh_fs_customer."&A9 -> cdh_fs_customer.LastName | F9: ='Data Model'!F8 -> Customer last name | K9: Yes | O9: Weekly
A10: FullName | B10: Text | C10: PegaCDH-Data-FS-Customer | D10: ="cdh_fs_customer."&A10 -> cdh_fs_customer.FullName | F10: ='Data Model'!F9 -> Customer full name | J10: Populate from FirstName + LastName | K10: Yes | O10: Weekly
A11: Suffix | B11: Text | C11: PegaCDH-Data-FS-Customer | D11: ="cdh_fs_customer."&A11 -> cdh_fs_customer.Suffix | F11: ='Data Model'!F10 -> Suffix of customer name | K11: Yes | O11: Weekly
A12: BirthDate | B12: Date | C12: PegaCDH-Data-FS-Customer | D12: ="cdh_fs_customer."&A12 -> cdh_fs_customer.BirthDate | F12: ='Data Model'!F11 -> Date of birth | K12: Yes | O12: Weekly
A13: Age | B13: Integer | C13: PegaMKT-Data-Customer | D13: ="cdh_fs_customer."&A13 -> cdh_fs_customer.Age | F13: ='Data Model'!F12 -> Customer age. This value is calculated based on customer date of birth. | J13: Calculate from Birthdate | K13: Yes | O13: Weekly
A14: MKTCLVValue | B14: Decimal | C14: PegaMKT-Data-Customer | D14: ="cdh_fs_customer."&A14 -> cdh_fs_customer.MKTCLVValue | F14: ='Data Model'!F13 -> Numerical value that represents the customer lifetime value | K14: Yes | O14: Weekly
A15: CLV | B15: Text | C15: PegaCDH-Data-FS-Customer | D15: ="cdh_fs_customer."&A15 -> cdh_fs_customer.CLV | F15: ='Data Model'!F14 -> Text description of customer lifetime value | J15: Set based on a designated range for MKTCLVVALUE | K15: Yes | O15: Weekly
A16: Gender | B16: Text | C16: PegaMKT-Data-Customer | D16: ="cdh_fs_customer."&A16 -> cdh_fs_customer.Gender | F16: ='Data Model'!F15 -> Customer gender | K16: Yes | O16: Weekly
A17: MaritalStatus | B17: Text | C17: PegaMKT-Data-Customer | D17: ="cdh_fs_customer."&A17 -> cdh_fs_customer.MaritalStatus | F17: ='Data Model'!F16 -> Customer marital status | K17: Yes | O17: Weekly
A18: LanguagePreference | B18: Text | C18: PegaMKT-Data-Customer | D18: ="cdh_fs_customer."&A18 -> cdh_fs_customer.LanguagePreference | F18: Customer language preference | K18: Yes | O18: Weekly
A19: PrimaryAddressLine1 | B19: Text | C19: PegaCDH-Data-FS-Customer | D19: ="cdh_fs_customer."&A19 -> cdh_fs_customer.PrimaryAddressLine1 | F19: ='Data Model'!F18 -> Customer primary address line 1 | K19: Yes | O19: Weekly
A20: PrimaryAddressLine2 | B20: Text | C20: PegaCDH-Data-FS-Customer | D20: ="cdh_fs_customer."&A20 -> cdh_fs_customer.PrimaryAddressLine2 | F20: ='Data Model'!F19 -> Customer primary address line 2 | K20: Yes | O20: Weekly
A21: PrimaryCity | B21: Text | C21: PegaCDH-Data-FS-Customer | D21: ="cdh_fs_customer."&A21 -> cdh_fs_customer.PrimaryCity | F21: ='Data Model'!F20 -> Customer primary address city | K21: Yes | O21: Weekly
A22: PrimaryState | B22: Text | C22: PegaCDH-Data-FS-Customer | D22: ="cdh_fs_customer."&A22 -> cdh_fs_customer.PrimaryState | F22: ='Data Model'!F21 -> Customer primary address state | K22: Yes | O22: Weekly
A23: PrimaryPostalCode | B23: Text | C23: PegaCDH-Data-FS-Customer | D23: ="cdh_fs_customer."&A23 -> cdh_fs_customer.PrimaryPostalCode | F23: ='Data Model'!F22 -> Customer primary address postal code or zip code | K23: Yes | O23: Weekly
A24: PrimaryCountry | B24: Text | C24: PegaCDH-Data-FS-Customer | D24: ="cdh_fs_customer."&A24 -> cdh_fs_customer.PrimaryCountry | F24: ='Data Model'!F23 -> Customer primary address country | K24: Yes | O24: Weekly
A25: PrimaryCountryCode | B25: Text | C25: PegaCDH-Data-FS-Customer | D25: ="cdh_fs_customer."&A25 -> cdh_fs_customer.PrimaryCountryCode | F25: ='Data Model'!F24 -> Customer primary country code | K25: Yes | O25: Weekly
A26: OwnershipStatus | B26: Text | C26: PegaCDH-Data-FS-Customer | D26: ="cdh_fs_customer."&A26 -> cdh_fs_customer.OwnershipStatus | F26: ='Data Model'!F25 -> Customer residential ownership status | K26: Yes | O26: Weekly
A27: PrimaryEmail | B27: Text | C27: PegaCDH-Data-FS-Customer | D27: ="cdh_fs_customer."&A27 -> cdh_fs_customer.PrimaryEmail | F27: ='Data Model'!F26 -> Customer email | K27: Yes | O27: Weekly
A28: PrimaryMobilePhone | B28: Text | C28: PegaCDH-Data-FS-Customer | D28: ="cdh_fs_customer."&A28 -> cdh_fs_customer.PrimaryMobilePhone | F28: ='Data Model'!F27 -> Customer primary mobile phone | K28: Yes | O28: Weekly
A29: PrimaryHomePhone | B29: Text | C29: PegaCDH-Data-FS-Customer | D29: ="cdh_fs_customer."&A29 -> cdh_fs_customer.PrimaryHomePhone | F29: ='Data Model'!F28 -> Customer home phone number | K29: Yes | O29: Weekly
A30: PrimaryWorkPhone | B30: Text | C30: PegaCDH-Data-FS-Customer | D30: ="cdh_fs_customer."&A30 -> cdh_fs_customer.PrimaryWorkPhone | F30: ='Data Model'!F29 -> Customer primary work phone | K30: Yes | O30: Weekly
... A37: Twitter | B37: Text | C37: PegaMKT-Data-Customer | D37: ="cdh_fs_customer."&A37 -> cdh_fs_customer.Twitter | F37: ='Data Model'!F36 -> Customer Twitter handle | K37: Yes | O37: Weekly
A38: HasOptInEmail | B38: Boolean | C38: PegaCDH-Data-FS-Customer | D38: ="cdh_fs_customer."&A38 -> cdh_fs_customer.HasOptInEmail | F38: ='Data Model'!F37 -> Consent to receive promotional emails | N38: Yes | O38: Real-time
A39: HasOptiInSMS | B39: Boolean | C39: PegaCDH-Data-FS-Customer | D39: ="cdh_fs_customer."&A39 -> cdh_fs_customer.HasOptiInSMS | F39: ='Data Model'!F38 -> Consent to receive promotional texts | N39: Yes | O39: Real-time
A40: HasOptInCall | B40: Boolean | C40: PegaCDH-Data-FS-Customer | D40: ="cdh_fs_customer."&A40 -> cdh_fs_customer.HasOptInCall | F40: ='Data Model'!F39 -> Consent to receive promotional calls | N40: Yes | O40: Real-time
A41: HasOptInPushNotification | B41: Boolean | C41: PegaCDH-Data-FS-Customer | D41: ="cdh_fs_customer."&A41 -> cdh_fs_customer.HasOptInPushNotification | F41: ='Data Model'!F40 -> Consent to receive promotional push notifications | N41: Yes | O41: Real-time
A42: RelationshipStartDate | B42: Date | C42: PegaMKT-Data-Customer | D42: ="cdh_fs_customer."&A42 -> cdh_fs_customer.RelationshipStartDate | F42: ='Data Model'!F41 -> Relationship start date | O42: Once
A43: RelationshipLengthDays | B43: Integer | C43: PegaCDH-Data-FS-Customer | D43: ="cdh_fs_customer."&A43 -> cdh_fs_customer.RelationshipLengthDays | F43: ='Data Model'!F42 -> Number of days since the relationship start date | J43: Calculated from RelationshipStartDate using a data flow | K43: Yes | O43: Daily
A44: SSN | B44: Text | C44: PegaCDH-Data-FS-Customer | D44: ="cdh_fs_customer."&A44 -> cdh_fs_customer.SSN | F44: ='Data Model'!F43 -> Customer social security number | K44: Yes | O44: Weekly
A45: TaxIDNumber | B45: Text | C45: PegaCDH-Data-FS-Customer | D45: ="cdh_fs_customer."&A45 -> cdh_fs_customer.TaxIDNumber | F45: ='Data Model'!F44 -> Customer tax identification number | K45: Yes | O45: Weekly
A46: IsCustomerActive | B46: Text | C46: PegaCDH-Data-FS-Customer | D46: ="cdh_fs_customer."&A46 -> cdh_fs_customer.IsCustomerActive | F46: ='Data Model'!F45 -> Is customer active flag | K46: Yes | O46: Daily
A47: IsProspect | B47: Boolean | C47: PegaCDH-Data-FS-Customer | D47: ="cdh_fs_customer."&A47 -> cdh_fs_customer.IsProspect | F47: ='Data Model'!F46 -> Is prospect flag | K47: Yes | O47: Weekly
A48: AnnualIncome | B48: Decimal | C48: PegaCDH-Data-FS-Customer | D48: ="cdh_fs_customer."&A48 -> cdh_fs_customer.AnnualIncome | F48: ='Data Model'!F47 -> Customer annual income | K48: Yes | O48: Weekly
A49: DebtToIncomeRatio | B49: Decimal | C49: PegaCDH-Data-FS-Customer | D49: ="cdh_fs_customer."&A49 -> cdh_fs_customer.DebtToIncomeRatio | F49: ='Data Model'!F48 -> Customer debt-to-income ratio | K49: Yes | O49: Weekly
A50: CreditScore | B50: Integer | C50: PegaCDH-Data-FS-Customer | D50: ="cdh_fs_customer."&A50 -> cdh_fs_customer.CreditScore | F50: ='Data Model'!F49 -> Customer credit score | K50: Yes | O50: Daily
A51: IsCreditScoreStale | B51: Boolean | C51: PegaCDH-Data-FS-Customer | D51: ="cdh_fs_customer."&A51 -> cdh_fs_customer.IsCreditScoreStale | F51: ='Data Model'!F50 -> Boolean flag to determine if the credit score is usable for marketing and decisioning purposes. Usually 3-6 months (configurable). | J51: Calculated based on CreditScoreUpdatedTime | K51: Yes | O51: Daily
A52: CreditScoreUpdatedTime | B52: Date Time | C52: PegaCDH-Data-FS-Customer | D52: ="cdh_fs_customer."&A52 -> cdh_fs_customer.CreditScoreUpdatedTime | F52: ='Data Model'!F51 -> Last update time of the customer's credit score. This usually is the last date time when a credit report was pulled on the customer. | K52: Yes | O52: Daily
A53: TotalAssets | B53: Decimal | C53: PegaCDH-Data-FS-Customer | D53: ="cdh_fs_customer."&A53 -> cdh_fs_customer.TotalAssets | F53: ='Data Model'!F52 -> Customer total assets | K53: Yes | O53: Weekly
A54: TotalLiabilities | B54: Decimal | C54: PegaCDH-Data-FS-Customer | D54: ="cdh_fs_customer."&A54 -> cdh_fs_customer.TotalLiabilities | F54: ='Data Model'!F53 -> Customer total liabilities | K54: Yes | O54: Weekly
A55: NetWealth | B55: Decimal | C55: PegaCDH-Data-FS-Customer | D55: ="cdh_fs_customer."&A55 -> cdh_fs_customer.NetWealth | F55: ='Data Model'!F54 -> Customer net wealth | K55: Yes | O55: Weekly
A56: ResidentialStatus | B56: Text | C56: PegaCDH-Data-FS-Customer | D56: ="cdh_fs_customer."&A56 -> cdh_fs_customer.ResidentialStatus | F56: ='Data Model'!F55 -> Customer residential (citizenship) status | K56: Yes | O56: Weekly
A57: IsInCollections | B57: Boolean | C57: PegaCDH-Data-FS-Customer | D57: ="cdh_fs_customer."&A57 -> cdh_fs_customer.IsInCollections | F57: ='Data Model'!F56 -> Is in collections flag | K57: Yes | O57: Daily
A58: IsInArrears | B58: Boolean | C58: PegaCDH-Data-FS-Customer | D58: ="cdh_fs_customer."&A58 -> cdh_fs_customer.IsInArrears | F58: ='Data Model'!F57 -> Is in arrears flag | K58: Yes | O58: Daily
A59: IsStudent | B59: Boolean | C59: PegaCDH-Data-FS-Customer | D59: ="cdh_fs_customer."&A59 -> cdh_fs_customer.IsStudent | F59: ='Data Model'!F58 -> Is student flag | K59: Yes | O59: Weekly
A60: HasBrokenPromise | B60: Boolean | C60: PegaCDH-Data-FS-Customer | D60: ="cdh_fs_customer."&A60 -> cdh_fs_customer.HasBrokenPromise | F60: ='Data Model'!F60 -> Boolean flag to determine if customer has broken promise to pay amount in arrears. | K60: Yes | O60: Weekly
A61: IsBankruptcy | B61: Boolean | C61: PegaCDH-Data-FS-Customer | D61: ="cdh_fs_customer."&A61 -> cdh_fs_customer.IsBankruptcy | F61: ='Data Model'!F61 -> Boolean flag used to determine if a customer fits the special circumstance bankruptcy. This boolean affects how we handle the customer in collections. | K61: Yes | O61: Daily
A62: IsDeceased | B62: Boolean | C62: PegaCDH-Data-FS-Customer | D62: ="cdh_fs_customer."&A62 -> cdh_fs_customer.IsDeceased | F62: ='Data Model'!F62 -> Boolean flag used to determine if a customer fits the special circumstance deceased. This boolean affects how we handle the customer in collections. | K62: Yes | O62: Daily
A63: IsFinanciallyVulnerable | B63: Boolean | C63: PegaCDH-Data-FS-Customer | D63: ="cdh_fs_customer."&A63 -> cdh_fs_customer.IsFinanciallyVulnerable | F63: ='Data Model'!F63 -> Boolean flag used to determine if a customer fits the special circumstance is financially vulnerable. This boolean affects how we handle the customer in collections. | K63: Yes | O63: Daily
A64: IsIncarcerated | B64: Boolean | C64: PegaCDH-Data-FS-Customer | D64: ="cdh_fs_customer."&A64 -> cdh_fs_customer.IsIncarcerated | F64: ='Data Model'!F64 -> Boolean flag used to determine if a customer fits the special circumstance incarceration. This boolean affects how we handle the customer in collections. | K64: Yes | O64: Weekly
A65: IsActiveMilitaryService | B65: Boolean | C65: PegaCDH-Data-FS-Customer | D65: ="cdh_fs_customer."&A65 -> cdh_fs_customer.IsActiveMilitaryService | F65: ='Data Model'!F65 -> Boolean flag used to determine if a customer fits the special circumstance in active military service. This boolean affects how we handle the customer in collections. | K65: Yes | O65: Weekly
A66: IsInDisasterArea | B66: Boolean | C66: PegaCDH-Data-FS-Customer | D66: ="cdh_fs_customer."&A66 -> cdh_fs_customer.IsInDisasterArea | F66: ='Data Model'!F66 -> Boolean flag used to determine if a customer fits the special circumstance has critical illness. This boolean affects how we handle the customer in collections. | K66: Yes | O66: Weekly
A67: NumCreditCardAccount | B67: Integer | C67: PegaCDH-Data-FS-Customer | D67: ="cdh_fs_customer."&A67 -> cdh_fs_customer.NumCreditCardAccount | F67: ='Data Model'!F70 -> A count of the number of credit card accounts associated with the customer | K67: Yes | O67: Weekly
A68: NumDepositAccount | B68: Integer | C68: PegaCDH-Data-FS-Customer | D68: ="cdh_fs_customer."&A68 -> cdh_fs_customer.NumDepositAccount | F68: ='Data Model'!F71 -> A count of the number of deposit accounts associated with the customer | K68: Yes | O68: Weekly
A69: NumInvestmentAccount | B69: Integer | C69: PegaCDH-Data-FS-Customer | D69: ="cdh_fs_customer."&A69 -> cdh_fs_customer.NumInvestmentAccount | F69: ='Data Model'!F72 -> A count of the number of investment accounts associated with the customer | K69: Yes | O69: Weekly
A70: NumLoanAccount | B70: Integer | C70: PegaCDH-Data-FS-Customer | D70: ="cdh_fs_customer."&A70 -> cdh_fs_customer.NumLoanAccount | F70: ='Data Model'!F73 -> A count of the number of loan accounts associated with the customer | K70: Yes | O70: Weekly
A71: NoOfDependents | B71: Integer | C71: PegaCDH-Data-FS-Customer | D71: ="cdh_fs_customer."&A71 -> cdh_fs_customer.NoOfDependents | F71: ='Data Model'!F74 -> Number of dependents | K71: Yes | O71: Weekly
A72: OrganizationID | B72: Text | C72: PegaCDH-Data-FS-Customer | D72: ="cdh_fs_customer."&A72 -> cdh_fs_customer.OrganizationID | F72: ='Data Model'!F75 -> Organization identifier | K72: Yes | O72: Weekly
A73: OrganizationName | B73: Text | C73: PegaCDH-Data-FS-Customer | D73: ="cdh_fs_customer."&A73 -> cdh_fs_customer.OrganizationName | F73: ='Data Model'!F76 -> Organization name | K73: Yes | O73: Weekly
A74: AccountBalance | B74: Decimal | C74: PegaCDH-Data-FS-Accounts | D74: ="cdh_fs_account."&A74 -> cdh_fs_account.AccountBalance | F74: ='Data Model'!F78 -> Current account balance | K74: Yes | O74: Daily
A75: AccountDescription | B75: Text | C75: PegaCDH-Data-FS-Accounts | D75: ="cdh_fs_account."&A75 -> cdh_fs_account.AccountDescription | F75: ='Data Model'!F79 -> Account description. This typically holds the long description of the account type. | K75: Yes | O75: Weekly
A76: AccountNumber | B76: Text | C76: PegaCDH-Data-FS-Accounts | D76: ="cdh_fs_account."&A76 -> cdh_fs_account.AccountNumber | F76: ='Data Model'!F80 -> Account number | K76: Yes | O76: Weekly
A77: AccountType | B77: Text | C77: PegaCDH-Data-FS-Accounts | D77: ="cdh_fs_account."&A77 -> cdh_fs_account.AccountType | F77: ='Data Model'!F81 -> Account type | K77: Yes | O77: Weekly
A78: AccountSubType | B78: Text | C78: PegaCDH-Data-FS-Accounts | D78: ="cdh_fs_account."&A78 -> cdh_fs_account.AccountSubType | F78: ='Data Model'!F82 -> Account subtype | K78: Yes | O78: Weekly
A79: AccountID | B79: Identifier | C79: PegaCDH-Data-FS-Accounts | D79: ="cdh_fs_account."&A79 -> cdh_fs_account.AccountID | F79: ='Data Model'!F83 -> Primary key of the account table | K79: Yes | O79: Weekly
A80: CreditLineAvailable | B80: Decimal | C80: PegaCDH-Data-FS-Accounts | D80: ="cdh_fs_account."&A80 -> cdh_fs_account.CreditLineAvailable | F80: ='Data Model'!F84 -> Account remaining available credit line | K80: Yes | O80: Daily
A81: AvgMonthlyBalance | B81: Decimal | C81: PegaCDH-Data-FS-Accounts | D81: ="cdh_fs_account."&A81 -> cdh_fs_account.AvgMonthlyBalance | F81: ='Data Model'!F85 -> Account average monthly balance | K81: Yes | O81: Weekly
A82: AvgYearlyBalance | B82: Decimal | C82: PegaCDH-Data-FS-Accounts | D82: ="cdh_fs_account."&A82 -> cdh_fs_account.AvgYearlyBalance | F82: ='Data Model'!F86 -> Account average yearly balance | K82: Yes | O82: Weekly
A83: HasMetBonus | B83: Boolean | C83: PegaCDH-Data-FS-Accounts | D83: ="cdh_fs_account."&A83 -> cdh_fs_account.HasMetBonus | F83: ='Data Model'!F87 -> Boolean flag to mark if the customer has met the bonus criteria | K83: Yes | O83: Daily
A84: CardNumber | B84: Text | C84: PegaCDH-Data-FS-Accounts | D84: ="cdh_fs_account."&A84 -> cdh_fs_account.CardNumber | F84: ='Data Model'!F88 -> Account card number | K84: Yes | O84: Weekly
A85: IsEligibleForRepossession | B85: Text | C85: PegaCDH-Data-FS-Accounts | D85: ="cdh_fs_account."&A85 -> cdh_fs_account.IsEligibleForRepossession | F85: ='Data Model'!F89 -> Determines if the account is eligible for repossession | K85: Yes | O85: Weekly
... A90: DelinquencyAmount | B90: Decimal | C90: PegaCDH-Data-FS-Accounts | D90: ="cdh_fs_account."&A90 -> cdh_fs_account.DelinquencyAmount | F90: ='Data Model'!F94 -> Delinquency amount | K90: Yes | O90: Daily
A91: DueDate | B91: Date | C91: PegaCDH-Data-FS-Accounts | D91: ="cdh_fs_account."&A91 -> cdh_fs_account.DueDate | F91: Due date | K91: Yes | O91: Weekly
A92: HasActivePaymentPlan | B92: Boolean | C92: PegaCDH-Data-FS-Accounts | D92: ="cdh_fs_account."&A92 -> cdh_fs_account.HasActivePaymentPlan | F92: Boolean flag to mark if there is an active payment plan | K92: Yes | O92: Daily
A93: IsAccountActive | B93: Boolean | C93: PegaCDH-Data-FS-Accounts | D93: ="cdh_fs_account."&A93 -> cdh_fs_account.IsAccountActive | F93: ='Data Model'!F97 -> Boolean flag to mark if the account is active | K93: Yes | O93: Daily
A94: IsInCollections | B94: Boolean | C94: PegaCDH-Data-FS-Accounts | D94: ="cdh_fs_account."&A94 -> cdh_fs_account.IsInCollections | F94: ='Data Model'!F98 -> Flag field to determine if account is in collections | K94: Yes | O94: Daily
A95: IsInArrears | B95: Boolean | C95: PegaCDH-Data-FS-Accounts | D95: ="cdh_fs_account."&A95 -> cdh_fs_account.IsInArrears | F95: ='Data Model'!F99 -> Flag field to determine if account is in arrears | K95: Yes | O95: Daily
A96: HasBrokenPromise | B96: Boolean | C96: PegaCDH-Data-FS-Accounts | D96: ="cdh_fs_account."&A96 -> cdh_fs_account.HasBrokenPromise | F96: ='Data Model'!F105 -> Flag field to determine if customer has broken promise of payment on this account | K96: Yes | O96: Daily
A97: LoanToValueRatio | B97: Decimal | C97: PegaCDH-Data-FS-Accounts | D97: ="cdh_fs_account."&A97 -> cdh_fs_account.LoanToValueRatio | F97: ='Data Model'!F108 -> Loan to value ratio. Used for loan accounts. | K97: Yes | O97: Daily
A98: LoanType | B98: Text | C98: PegaCDH-Data-FS-Accounts | D98: ="cdh_fs_account."&A98 -> cdh_fs_account.LoanType | F98: ='Data Model'!F109 -> Loan type. Used for loan accounts. | K98: Yes | O98: Weekly
A99: MarketSegment | B99: Text | C99: PegaCDH-Data-FS-Accounts | D99: ="cdh_fs_account."&A99 -> cdh_fs_account.MarketSegment | F99: ='Data Model'!F110 -> Market segment associated with the account such as commercial or retail or small/medium business. | K99: Yes | O99: Weekly
A100: MaturityDate | B100: Date | C100: PegaCDH-Data-FS-Accounts | D100: ="cdh_fs_account."&A100 -> cdh_fs_account.MaturityDate | F100: ='Data Model'!F111 -> Account maturity date. Used for loan and investment accounts. | K100: Yes | O100: Weekly
A101: NumDaysPastDue | B101: Integer | C101: PegaCDH-Data-FS-Accounts | D101: ="cdh_fs_account."&A101 -> cdh_fs_account.NumDaysPastDue | F101: ='Data Model'!F112 -> Number of days payment is past due | K101: Yes | O101: Daily
A102: OwnershipType | B102: Text | C102: PegaCDH-Data-FS-Accounts | D102: ="cdh_fs_account."&A102 -> cdh_fs_account.OwnershipType | F102: ='Data Model'!F113 -> Defines the ownership type/relationship on the account such as single or sole, joint, irrevocable trust, etc... | K102: Yes | O102: Weekly
A103: PaymentNetwork | B103: Text | C103: PegaCDH-Data-FS-Accounts | D103: ="cdh_fs_account."&A103 -> cdh_fs_account.PaymentNetwork | F103: ='Data Model'!F114 -> Type of payment network such as Visa or MasterCard or AMEX. | K103: Yes | O103: Weekly
A104: ProductType | B104: Text | C104: PegaCDH-Data-FS-Accounts | D104: ="cdh_fs_account."&A104 -> cdh_fs_account.ProductType | F104: ='Data Model'!F115 -> Product type; usually maps to the product ID or product name on the customer product catalogue for this account type. | K104: Yes | O104: Weekly
A105: Rate | B105: Decimal | C105: PegaCDH-Data-FS-Accounts | D105: ="cdh_fs_account."&A105 -> cdh_fs_account.Rate | F105: ='Data Model'!F116 -> This is the numerical rate on the account. Can be used for interest rate or mortgage rate. Dependent on type of account. | K105: Yes | O105: Weekly
A106: RateType | B106: Text | C106: PegaCDH-Data-FS-Accounts | D106: ="cdh_fs_account."&A106 -> cdh_fs_account.RateType | F106: ='Data Model'!F117 -> This is the rate type; dependent on account type. | K106: Yes | O106: Weekly
A107: RelationshipLengthDays | B107: Integer | C107: PegaCDH-Data-FS-Accounts | D107: ="cdh_fs_account."&A107 -> cdh_fs_account.RelationshipLengthDays | F107: ='Data Model'!F118 -> Number of days since the account open date | J107: Calculated from AccountOpenDate | K107: Yes | O107: Daily
A108: AccountOpenDate | B108: Date | C108: PegaCDH-Data-FS-Accounts | D108: ="cdh_fs_account."&A108 -> cdh_fs_account.AccountOpenDate | F108: ='Data Model'!F119 -> Account open date | K108: Yes | O108: Once
A109: RewardType | B109: Text | C109: PegaCDH-Data-FS-Accounts | D109: ="cdh_fs_account."&A109 -> cdh_fs_account.RewardType | F109: ='Data Model'!F120 -> Reward type such as cash back or travel rewards. This is used for credit accounts. | K109: Yes | O109: Weekly
A110: Role | B110: Text | C110: PegaCDH-Data-FS-Accounts | D110: ="cdh_fs_account."&A110 -> cdh_fs_account.Role | F110: ='Data Model'!F121 -> Defines the relationship between the customer and the account such as: primary account holder or account beneficiary. | K110: Yes | O110: Weekly
...
